 Dungeon Crawl Stone Soup version 0.20-a0-217-g17e8ceb (webtiles) character file.

320 tboon the Chopper (level 6, -1/57 HPs)
             Began as a Minotaur Fighter on Nov 29, 2016.
             Slain by Grinder (6 damage)
             ... on level 3 of the Dungeon.
             The game lasted 00:06:42 (2193 turns).

tboon the Chopper (Minotaur Fighter)                Turns: 2193, Time: 00:06:43

Health: -1/57      AC:  6    Str: 21    XL:     6   Next: 22%
Magic:  5/5        EV:  7    Int:  6    God:
Gold:   121        SH:  9    Dex: 10    Spells: 5/5 levels left

rFire  . . .     SeeInvis .     a - +0 war axe
rCold  . . .     Gourm    .     b - +0 scale mail
rNeg   . . .     Faith    .     c - +0 shield
rPois  .         Spirit   .     (helmet restricted)
rElec  .         Reflect  .     (no cloak)
rCorr  .         Harm     .     (no gloves)
MR     .....                    (no boots)
Stlth  ..........               (no amulet)
                                (no ring)
                                (no ring)

@: no status effects
A: retaliatory headbutt, horns 2
a: no special abilities


You were on level 3 of the Dungeon.
You were not hungry.

You visited 1 branch of the dungeon, and saw 3 of its levels.

You collected 121 gold pieces.

Inventory:

Hand Weapons
 a - a +0 war axe (weapon)
 d - a cursed -1 flail
   (You took it off an orc on level 3 of the Dungeon)
 h - a cursed +0 whip
   (You found it on level 1 of the Dungeon)
 p - a cursed -1 flail
   (You took it off an orc on level 3 of the Dungeon)
Armour
 b - a +0 scale mail (worn)
 c - a +0 shield (worn)
Jewellery
 l - a +1 ring of evasion {unknown}
   (You found it on level 2 of the Dungeon)
Wands
 e - a wand of iceblast (9/15)
   (You found it on level 3 of the Dungeon)
Scrolls
 k - 3 scrolls of identify {unknown}
 m - a scroll of remove curse {unknown}
 q - a scroll of enchant weapon {unknown}
 r - a scroll of fog {unknown}
 s - a scroll of noise {unknown}
Potions
 g - 2 potions of curing {unknown}
 i - a potion of agility
 j - a potion of heal wounds {unknown}
Comestibles
 f - 2 bread rations
 n - 2 meat rations
 o - a slice of pizza
 t - a chunk of flesh


   Skills:
 + Level 5.8 Fighting
 * Level 6.5 Axes
 - Level 3.6 Armour
 - Level 3.6 Shields


You had 5 spell levels left.
You didn't know any spells.

Dungeon Overview and Level Annotations

Branches:
Dungeon (3/15)

Altars:

Annotations:
D:3 Grinder


Innate Abilities, Weirdness & Mutations

You reflexively headbutt those who attack you in melee.
You have a pair of horns on your head.


Message History

Increase (S)trength, (I)ntelligence, or (D)exterity?
You feel clever.
You closely miss the hobgoblin.
The hobgoblin hits you but does no damage.
You hit the hobgoblin.
The hobgoblin is heavily wounded.
You block the hobgoblin's attack. x2
You closely miss the hobgoblin. You headbutt the hobgoblin.
The hobgoblin is severely wounded.
You block the hobgoblin's attack.
You hit the hobgoblin.
You kill the hobgoblin!
Items here: )) [[ † a club; a leather armour; a flail of crushing; a leather armour a hobgoblin corpse You butcher the hobgoblin corpse.
s - a chunk of flesh
Items here: )) [[ ÷ a club; a leather armour; a flail of crushing; a leather armour a hobgoblin skeleton Eating a chunk of flesh.
You start eating the chunk of flesh.
This raw flesh tastes terrible.
Found a stone staircase leading up.
s - a scroll labeled DUB RUTZO SERE Marking area around Jessica as unsafe for travelling.
A rat and Jessica come into view.
Jessica shouts!
Press: ? - help, v - describe, . - travel A rock wall.
Unknown command.
Jessica points at you and mumbles some strange words.
You barely resist. Jessica barely misses you.
You hit Jessica. You headbutt Jessica.
You kill Jessica!
You slash the rat!
You kill the rat!
Items here: ) [ †† a club; a robe; a rat corpse; the human corpse of Jessica You butcher the rat corpse.
t - a chunk of flesh
Items here: ) [ ÷ † a club; a robe; a rat skeleton; the human corpse of Jessica
k - 3 scrolls labeled FULLOOSIYWK (gained 1)
You now have 121 gold pieces (gained 9).
You enter a teleport trap!
The teleport trap disappears.
Your surroundings suddenly seem different.
A leopard gecko comes into view.
The leopard gecko hisses angrily.
You closely miss the leopard gecko. You headbutt the leopard gecko.
The leopard gecko is severely wounded.
You block the leopard gecko's attack. The leopard gecko bites you.
You miss the leopard gecko. Your headbutt misses the leopard gecko.
The leopard gecko is severely wounded.
The leopard gecko barely misses you.
You closely miss the leopard gecko.
The leopard gecko is severely wounded.
You block the leopard gecko's attack. The leopard gecko closely misses you.
You furiously retaliate!
You headbutt the leopard gecko!
You kill the leopard gecko!
No target in view!
n - 2 meat rations (gained 1)
Found a stone staircase leading up.
Marking area around Grinder as unsafe for travelling.
Grinder comes into view.
Grinder shouts!
Grinder drinks a potion.
Grinder suddenly seems more agile.
You miss Grinder. Your headbutt misses Grinder. Grinder hits you.
You writhe in agony.
Grinder blinks!
You slash Grinder!
Grinder is moderately wounded.
You block Grinder's attack.
You hit Grinder.
Grinder is heavily wounded.
Grinder hits you.
You writhe in agony.
You closely miss Grinder. You headbutt Grinder!
Grinder is almost dead.
Grinder hits you.
You writhe in agony.
You closely miss Grinder.
Grinder is almost dead.
Grinder barely misses you. You furiously retaliate!
You headbutt Grinder. Grinder gestures at you.
You suddenly lose the ability to move!
Grinder gestures at you. You resist with significant effort. Grinder hits you.
You writhe in agony.
Grinder hits you!
You writhe in agony.
Grinder hits you.
* * * LOW HITPOINT WARNING * * *
You can move again.
You miss Grinder. You headbutt Grinder.
Grinder is almost dead.
Grinder hits you!
* * * LOW HITPOINT WARNING * * *
You writhe in agony.
* * * LOW HITPOINT WARNING * * *
You closely miss Grinder. Your headbutt misses Grinder.
Grinder is almost dead.
Grinder hits you.
You die...

#.. #.# #.#
############# #.#
#...........# #.#
#...........# #.#
#...$.......# ###.#
#.....5.....# #....
#......@....#########.##
########.......#........
#####.###.............
#........<............
#.##..###.##...#######
...........# # ####
###########.# .... #.#
#### #.##########


You could see Grinder.

Vanquished Creatures
  The ghost of grantduval the Skirmisher, an amateur DsCK of Xom (D:3)
  2 orc priests (D:3)
  Jessica (D:3)
  Ijyb (D:3)
  A gnoll (D:1)
  3 adders (D:2)
  An ooze (D:1)
  3 dart slugs (D:1)
  2 leopard geckos
  2 orcs (D:3)
  2 ball pythons (D:2)
  10 bats
  8 giant cockroaches
  3 goblins (D:1)
  10 hobgoblins
  5 jackals (D:2)
  2 quokkas
  4 frilled lizards
  5 kobolds
  11 rats
77 creatures vanquished.

Notes
Turn   | Place    | Note
-------+----------+-------------------------------------------
     0 | D:1      | tboon the Minotaur Fighter began the quest for the Orb.
     0 | D:1      | Reached XP level 1. HP: 19/19 MP: 0/0
    51 | D:1      | Reached skill level 3 in Axes
    51 | D:1      | Reached XP level 2. HP: 15/27 MP: 1/1
    58 | D:1      | Reached skill level 4 in Fighting
    59 | D:1      | HP: 6/27 [goblin (1)]
    70 | D:1      | HP: 5/27 [hobgoblin/club (2)]
    72 | D:1      | HP: 1/27 [hobgoblin/club (4)]
   470 | D:1      | Reached XP level 3. HP: 33/33 MP: 2/2
   480 | D:1      | Reached skill level 4 in Axes
   722 | D:2      | HP: 8/34 [poisoned by an adder]
   730 | D:2      | HP: 7/34 [poisoned by an adder]
  1024 | D:2      | Reached XP level 4. HP: 38/41 MP: 3/3
  1294 | D:2      | Reached skill level 5 in Axes
  1629 | D:3      | Noticed grantduval's ghost (amateur DsCK)
  1642 | D:3      | HP: 10/41 [orc priest/flail of crushing (10)]
  1644 | D:3      | Reached skill level 5 in Fighting
  1644 | D:3      | Reached XP level 5. HP: 11/48 MP: 4/4
  1648 | D:3      | Killed grantduval's ghost
  1648 | D:3      | Reached skill level 6 in Axes
  1648 | D:3      | HP: 10/48 [orc priest/nerve-wracking pain (2)]
  2000 | D:3      | Noticed Ijyb
  2027 | D:3      | Killed Ijyb
  2027 | D:3      | Reached XP level 6. HP: 55/57 MP: 5/5
  2084 | D:3      | Noticed Jessica
  2091 | D:3      | Killed Jessica
  2177 | D:3      | Noticed Grinder
  2187 | D:3      | Paralysed by Grinder for 5 turns
  2192 | D:3      | HP: 9/57 [Grinder (8)]
  2192 | D:3      | HP: 4/57 [Grinder (5)]
  2193 | D:3      | Slain by Grinder

Vault maps used:
D:1:      dpeg_arrival_houses_and_road
D:2:      first_bread
D:3:      uniq_iyjb, uniq_natasha, uniq_grinder, uniq_jessica

Skill      XL: |  1  2  3  4  5 |
---------------+----------------+-----
Axes           | 3 4 5 6 |  6.5
Fighting       | 4 5 |  5.8
Armour         | |  3.6
Shields        | |  3.6

Action                   |  1- 3 |  4- 6 || total
-------------------------+-------+-------++-------
Melee: War axe           |    77 |   100 ||   177
       Headbutt          |    10 |    12 ||    22
  Use: Scroll            |       |     1 ||     1
       Potion            |       |     1 ||     1
  Eat: Chunk             |       |     4 ||     4
Armor: Scale mail        |    28 |    40 ||    68
Dodge: Dodged            |    30 |    29 ||    59
Block: Shield            |    46 |    55 ||   101

Vault maps used:
D:1:      dpeg_arrival_houses_and_road
D:2:      first_bread
D:3:      uniq_iyjb, uniq_natasha, uniq_grinder, uniq_jessica

Table legend:
 A = Turns spent in this place as a percentage of turns spent in the entire game.
 B = Non-inter-level travel turns spent in this place as a percentage of non-inter-level travel turns spent in the entire game.
 C = Inter-level travel turns spent in this place as a percentage of turns spent in this place.
 D = Turns resting spent in this place as a percentage of non-inter-level travel turns spent in this place.
 E = Turns spent auto-exploring this place as a percentage of non-inter-level travel turns spent in this place.
 F = Non-inter-level travel turns spent in this place divided by the number of levels of this place that you've seen.
                   A       B       C       D       E      F
               +-------+-------+-------+-------+-------+----------------------
         Total | 100.0 | 100.0 |   0.5 |   2.9 |  12.3 | 181.0
       Dungeon | 100.0 | 100.0 |   0.5 |   2.9 |  12.3 | 181.0
               +-------+-------+-------+-------+-------+----------------------

Table legend:
 A = Kills in this place as a percentage of kills in entire the game.
 B = Kills by you in this place as a percentage of kills by you in the entire game.
 C = Kills by friends in this place as a percentage of kills by friends in the entire game.
 D = Other kills in this place as a percentage of other kills in the entire game.
 E = Experience gained in this place as a percentage of experience gained in the entire game.
 F = Experience gained in this place divided by the number of levels of this place that you have seen.
                   A       B       C       D       E      F
               +-------+-------+-------+-------+-------+----------------------
         Total | 100.0 | 100.0 |  -nan |  -nan | 100.0 | 152.7
       Dungeon | 100.0 | 100.0 |  -nan |  -nan | 100.0 | 152.7
               +-------+-------+-------+-------+-------+----------------------
